 Dungeon Crawl Stone Soup version 0.25.1-2-g60ff931df9 (webtiles) character file.

Game seed: 17341244720035964356

151509 Eitelfritz the Peltast (level 17, -10/147 HPs)
             Began as a Hill Orc Fighter on Sept 18, 2020.
             Was the Champion of Zin.
             Killed from afar by a shock serpent (15 damage)
             ... with a bolt of electricity
             ... on level 3 of the Snake Pit on Sept 19, 2020.
             The game lasted 02:24:22 (37323 turns).

Eitelfritz the Peltast (Hill Orc Fighter)          Turns: 37323, Time: 02:24:30

Health: -10/147    AC: 25    Str: 30    XL:     17   Next: 56%
Magic:  26/28      EV: 10    Int: 19    God:    Zin [******]
Gold:   2540       SH: 37    Dex: 16    Spells: 16/16 levels left

rFire    + . .     SeeInvis .   a - +4 scimitar (flame)
rCold    + + .     Gourm    .   u - +8 tower shield {AC+3}
rNeg     + . .     Faith    .   q - +0 plate armour {MR+}
rPois    ∞         Spirit   .   X - +2 helmet {Int+3}
rElec    .         Reflect  +   i - scarf {rC+ rF+}
rCorr    .         Harm     .   c - +0 pair of gloves "Nocihaer" {rC+}
MR       ++...                  R - +0 pair of boots
Stlth    ..........             n - amulet of reflection
HPRegen  0.34/turn              S - ring of Qotuetwi {rPois rN+}
MPRegen  0.21/turn              M - +4 ring of slaying

@: lethally poisoned (-10 -> -10), vitalised
A: no striking features
a: Recite, Vitalisation, Imprison, Sanctuary, Donate Gold, Renounce Religion


You were on level 3 of the Snake Pit.
You worshipped Zin.
Zin was exalted by your worship.
You were very hungry.

You visited 5 branches of the dungeon, and saw 28 of its levels.
You also visited: Sewer, Bailey, Ice Cave and Volcano.

You collected 5171 gold pieces.
You spent 2421 gold pieces at shops.
You donated 210 gold pieces to Zin.

Inventory:

Hand Weapons
 a - a +4 scimitar of flaming (weapon)
 b - the +0 hand crossbow of Gieblyl {flame, +Inv SInv}
   (You found it in an ice cave)

   It causes projectiles fired from it to burn those they strike, causing extra
   injury to most foes and up to half again as much damage against particularly
   susceptible opponents.
   It lets you see invisible.
   It lets you turn invisible.
Missiles
 g - 186 bolts
 l - 9 silver javelins (quivered)
 U - 19 javelins
Armour
 c - the +0 pair of gloves "Nocihaer" (worn) {rC+}
   (You found it on level 1 of the Lair of Beasts)

   It protects you from cold.
 i - a scarf of resistance (worn)
 q - a +0 plate armour of magic resistance (worn)
 u - a +8 tower shield of protection (worn)
 K - the +3 chain mail "Faeb" {rC+ rCorr Stlth-}
   (You found it on level 2 of the Snake Pit)

   It protects you from cold.
   It provides partial protection from all sources of acid and corrosion.
   It makes you less stealthy.
 R - a +0 pair of boots (worn)
 X - a +2 helmet of intelligence (worn)
Jewellery
 n - an amulet of reflection (around neck)
 t - an uncursed ring of flight
 w - a +4 ring of evasion
 x - an uncursed ring of protection from cold
 M - a +4 ring of slaying (right hand)
 S - the ring of Qotuetwi (left hand) {rPois rN+}
   (You found it on level 6 of the Lair of Beasts)

   [ring of positive energy]

   It protects you from poison.
   It protects you from negative energy.
Wands
 k - a wand of enslavement (1)
 r - a wand of paralysis (17)
 v - a wand of acid (8)
 C - a wand of flame (23)
 L - a wand of digging (16)
 Q - a wand of disintegration (9)
Scrolls
 d - 12 scrolls of remove curse
 h - 2 scrolls of silence
 j - 5 scrolls of fear
 m - 7 scrolls of amnesia
 o - 5 scrolls of blinking
 y - 5 scrolls of identify
 D - 15 scrolls of teleportation
 E - a scroll of fog
 F - 7 scrolls of magic mapping
 G - a scroll of summoning
Potions
 e - 4 potions of stabbing
 p - 4 potions of brilliance
 s - 5 potions of curing
 z - 2 potions of magic
 A - 2 potions of might
 B - 5 potions of invisibility
 H - 2 potions of ambrosia
 I - a potion of cancellation
 J - 2 potions of resistance
 P - 4 potions of berserk rage
 Y - 6 potions of flight
Miscellaneous
 O - a lightning rod (4/4)
Comestibles
 f - 38 rations


   Skills:
 + Level 12.3 Fighting
 + Level 14.9 Long Blades
 + Level 2.4 Crossbows
 + Level 1.9 Throwing
 + Level 11.9 Armour
 + Level 4.9 Dodging
 + Level 4.5 Stealth
 * Level 19.2 Shields
 * Level 15.3 Invocations
 * Level 3.9 Evocations


You had 16 spell levels left.
You didn't know any spells.
Your spell library contained the following spells:

 Spells                   Type           Power        Failure   Level  Hunger
 Animate Skeleton         Necr           N/A          95%         1    ##.....
 Apportation              Tloc           #.....       95%         1    ##.....
 Corona                   Hex            #......      95%         1    ##.....
 Foxfire                  Conj/Fire      #...         95%         1    ##.....
 Freeze                   Ice            #...         95%         1    ##.....
 Magic Dart               Conj           #...         95%         1    ##.....
 Sandblast                Erth           #.....       95%         1    ##.....
 Shock                    Conj/Air       #...         95%         1    ##.....
 Summon Small Mammal      Summ           #...         95%         1    ##.....
 Passwall                 Tmut/Erth      #.......     99%         2    ###....
 Poisonous Vapours        Pois/Air       #.....       99%         2    ###....
 Searing Ray              Conj           #.....       99%         2    ###....
 Swiftness                Chrm/Air       #.......     99%         2    ###....
 Confusing Touch          Hex            #.......     100%        3    ####...
 Conjure Flame            Conj/Fire      #.......     100%        3    ####...
 Dazzling Flash           Conj/Hex       #.....       100%        3    ####...
 Frozen Ramparts          Ice            #.....       100%        3    ####...
 Gell's Gravitas          Tloc           #.........   100%        3    ####...
 Mephitic Cloud           Conj/Pois/Air  #.......     100%        3    ####...
 Ozocubu's Armour         Chrm/Ice       #.......     100%        3    ####...
 Static Discharge         Conj/Air       #.......     100%        3    ####...
 Stone Arrow              Conj/Erth      #.....       100%        3    ####...
 Airstrike                Air            #.........   100%        4    #####..
 Fulminant Prism          Conj/Hex       #.........   100%        4    #####..
 Hailstorm                Conj/Ice       #.......     100%        4    #####..
 Iskenderun's Mystic Bla  Conj/Tloc      #.......     100%        4    #####..
 Petrify                  Tmut/Erth      #.......     100%        4    #####..
 Summon Ice Beast         Ice/Summ       #.......     100%        4    #####..
 Irradiate                Conj/Tmut      #.........   100%        5    ######.
 Lee's Rapid Deconstruct  Erth           #.........   100%        5    ######.
 Lightning Bolt           Conj/Air       #.........   100%        5    ######.
 Metabolic Englaciation   Hex/Ice        #.........   100%        5    ######.
 Yara's Violent Unravell  Hex/Tmut       #.........   100%        5    ######.
 Freezing Cloud           Conj/Ice/Air   #.........   100%        6    #######
 Iron Shot                Conj/Erth      #.........   100%        6    #######
 Ring of Flames           Chrm/Fire      #.........   100%        7    #######


Dungeon Overview and Level Annotations

Branches:
Dungeon (15/15)            Temple (1/1) D:6            Lair (6/6) D:8
  Swamp (0/4) Lair:4        Snake (4/4) Lair:4        Slime (0/5) Lair:5
    Orc (2/2) D:10            Elf (0/3) Orc:2        Vaults (0/5) D:14
 Depths (0/5) D:15          Sewer (visited)          Bailey (visited)
  IceCv (visited)         Volcano (visited)

Altars:
Ashenzari
Cheibriados
Dithmenos
Elyvilon
Fedhas
Gozag
Hepliaklqana
Kikubaaqudgha
Makhleb
Nemelex Xobeh
Okawaru
Qazlal
Ru
Sif Muna
Trog
Uskayaw
Vehumet
Wu Jian
Xom
Yredelemnul
Zin
The Shining One
Beogh

Shops:
D:4 %   D:6 !   D:9 [   D:15 ?=(   Orc:2 [!}([   Snake:1 *

Portals:
Trove: D:11 (give +3 storm dragon scales)


Message History

The naga closely misses the naga.
You slash the shock serpent! You burn the shock serpent.
The shock serpent is heavily wounded.
The shock serpent's electric aura discharges, shocking you!
* * * LOW HITPOINT WARNING * * *
The shock serpent shoots out a bolt of lightning at you!
The bolt of electricity hits you.
* * * LOW HITPOINT WARNING * * *
The bolt of electricity hits you!!
* * * LOW HITPOINT WARNING * * *
The bolt of electricity hits the shock serpent.
The shock serpent completely resists.
The bolt of electricity hits the shock serpent.
The shock serpent completely resists.
You block the naga's attack.
The naga hits the naga with a +0 mace.
The shock serpent shoots out a bolt of lightning at you!
The bolt of electricity hits you!
* * * LOW HITPOINT WARNING * * *
The bolt of electricity hits you!
You die...

##..........# #...##....
#.#.#.#....# #...##.#.>
#......#...# ######....
#.#.#.#....# ##### #..#.
#..........## ##...######..#
#.#.#.#.....#####.............
#....................#######.[
#.#.#.#....N########## ##.
#...........N@# ######
#.#^#.#..##.S)###### #..<#.
#......#..##..##...#### #...#.
###.#.##...#...#......# #.....
#...)[#....#.........###.##..
##.#>#.....##..........#.##..
###)).......#..#............
########...........###...#
###.....##### #...#


You could see a shock serpent and 2 nagas.

Vanquished Creatures
  Donald (Orc:2)
  2 nagarajas (Snake:3)
  An orc warlord (Orc:1)
  A yaktaur captain (D:15)
  8 vault guards (D:14)
  6 naga warriors
  Fannar (D:10)
  11 hydras
  8 anacondas
  2 two-headed ogres (D:9)
  A centaur warrior (D:15)
  A death knight (D:15)
  2 tengu warriors
  8 death yaks
  Urug (Lair:4)
  11 naga sharpshooters
  6 shock serpents
  2 salamander mystics
  A fire crab (Volcano)
  An unseen horror (D:14)
  4 skeletal warriors
  A wizard (D:14)
  Pikel (D:7)
  5 naga ritualists
  3 deep elf magi
  A lindwurm (Volcano)
  A necromancer (IceCv)
  An orc knight (Orc:1)
  4 oklob plants (Lair:6)
  An ugly thing (D:12)
  6 orc sorcerers
  6 mana vipers
  2 manticores (D:15)
  7 salamanders
  A centaur zombie (D:14)
  2 ice statues (IceCv)
  3 cyclopes
  Joseph (D:7)
  9 elephants
  6 guardian serpents
  3 gargoyles
  24 spiny frogs
  10 naga magi
  45 black mambas
  6 komodo dragons
  2 yaktaurs (D:15)
  An efreet (D:14)
  9 ice devils (IceCv)
  A rime drake (Lair:4)
  A tengu conjurer (D:13)
  7 trolls
  2 polar bears (Lair:4)
  3 meliai (D:14)
  A queen bee (D:10)
  A raiju (shapeshifter) (D:15)
  Prince Ribbit (D:7)
  5 dream sheep (Lair:6)
  12 hippogriffs
  5 tyrant leeches (Lair:6)
  17 blink frogs
  Sigmund (D:6)
  A spriggan (D:13)
  3 wyverns
  A water elemental (D:11)
  Eustachio (D:5)
  2 fire bats (Lair:5)
  2 shadows
  4 basilisks
  47 yaks
  3 wraiths
  4 hungry ghosts
  2 steam dragons
  9 vampire mosquitoes
  Menkaure (D:4)
  43 nagas
  3 wargs
  A soldier ant (D:14)
  6 water moccasins
  3 acid dragons
  Duvessa (D:6)
  3 hell hounds (Volcano)
  7 porcupines
  29 orc warriors
  3 sky beasts
  3 phantoms
  An ice beast (D:8)
  An eye of draining (D:15)
  4 boggarts (D:14)
  6 ogres
  12 crocodiles
  39 wolves
  17 centaurs
  3 big kobolds
  33 bullfrogs
  A gnoll sergeant (D:12)
  3 scorpions
  Dowan (D:6)
  26 killer bees
  18 wights
  2 electric eels
  A howler monkey (D:6)
  9 crimson imps
  3 bullfrog zombies
  A draconian simulacrum (IceCv)
  A jelly (D:10)
  7 hounds
  22 orc priests
  5 centaur skeletons
  2 bullfrog skeletons
  2 iguanas
  33 orc wizards
  2 hell rats (Lair:1)
  A spriggan simulacrum (IceCv)
  9 worker ants
  3 troll simulacra (IceCv)
  3 centaur simulacra (IceCv)
  A hound zombie (D:7)
  A hound skeleton (D:8)
  A worker ant zombie (D:8)
  11 gnolls
  11 river rats
  13 adders
  An ogre simulacrum (IceCv)
  A naga simulacrum (IceCv)
  A shadow imp (D:8)
  An ooze (D:4)
  2 adder zombies
  2 adder skeletons
  4 worms
  A dart slug (D:1)
  6 leopard geckos
  107 orcs
  10 ball pythons
  5 bats
  7 giant cockroaches
  15 goblins
  10 hobgoblins
  9 jackals
  2 quokkas
  8 frilled lizards
  A giant cockroach zombie (D:6)
  A jackal skeleton (D:5)
  22 kobolds
  A leopard gecko zombie (D:9)
  18 rats
  A fungus (D:2)
1024 creatures vanquished.

Vanquished Creatures (others)
  A naga warrior (Snake:2)
  A naga ritualist (Snake:3)
  A naga mage (Snake:3)
  A tengu conjurer (D:14)
  2 kobolds
  10 fungi
  31 plants
  3 toadstools (D:2)
50 creatures vanquished.

Grand Total: 1074 creatures vanquished

Notes
Turn   | Place    | Note
-------+----------+-------------------------------------------
     0 | D:1      | Eitelfritz the Hill Orc Fighter began the quest for the
                  | Orb.
     0 | D:1      | Reached XP level 1. HP: 19/19 MP: 1/1
   151 | D:1      | Found a glowing golden altar of the Shining One.
   188 | D:1      | Reached XP level 2. HP: 13/27 MP: 2/2
   709 | D:1      | Reached XP level 3. HP: 30/33 MP: 3/3
  1078 | D:2      | Reached skill level 4 in Shields
  1096 | D:2      | Reached XP level 4. HP: 33/40 MP: 4/4
  2086 | D:2      | Found a bloodstained altar of Trog.
  2359 | D:3      | Reached XP level 5. HP: 40/46 MP: 5/5
  2463 | D:3      | Found a sacrificial altar of Ru.
  2478 | D:3      | Reached skill level 1 in Dodging
  2530 | D:3      | Found an opulent altar of Gozag.
  2988 | D:4      | Reached XP level 6. HP: 32/53 MP: 6/6
  3194 | D:4      | Noticed Menkaure
  3211 | D:4      | Killed Menkaure
  3614 | D:4      | Found Vattuang's Food Emporium.
  3735 | D:4      | Reached skill level 5 in Long Blades
  3735 | D:4      | Reached XP level 7. HP: 55/60 MP: 7/7
  3979 | D:4      | Found a blossoming altar of Fedhas.
  4418 | D:5      | Entered Level 5 of the Dungeon
  4426 | D:5      | Noticed Eustachio
  4439 | D:5      | Reached skill level 5 in Armour
  4475 | D:5      | Killed Eustachio
  4475 | D:5      | Reached skill level 5 in Fighting
  4475 | D:5      | Reached skill level 5 in Shields
  4942 | D:5      | Found a radiant altar of Vehumet.
  4979 | D:5      | Reached XP level 8. HP: 65/68 MP: 8/8
  5207 | D:6      | Found Jiuth's Distillery.
  5210 | D:6      | Bought a potion of curing for 36 gold pieces
  5210 | D:6      | Bought a potion of curing for 36 gold pieces
  5210 | D:6      | Bought a potion of heal wounds for 60 gold pieces
  5210 | D:6      | Bought a potion of might for 48 gold pieces
  5210 | D:6      | Bought a potion of curing for 36 gold pieces
  5272 | D:6      | Found a staircase to the Ecumenical Temple.
  5274 | D:6      | Noticed Duvessa
  5276 | D:6      | Noticed Dowan
  5288 | D:6      | Killed Dowan
  5288 | D:6      | Reached skill level 6 in Shields
  5293 | D:6      | Killed Duvessa
  5388 | D:6      | Reached XP level 9. HP: 66/74 MP: 9/9
  5476 | D:6      | Found a glowing drain.
  5497 | Sewer    | Entered a sewer
  5997 | D:6      | Reached skill level 7 in Shields
  6192 | D:6      | Got an ebony rapier
  6220 | D:6      | Noticed Sigmund
  6231 | D:6      | Killed Sigmund
  6422 | Temple   | Entered the Ecumenical Temple
  6483 | Temple   | Became a worshipper of Zin the Law-Giver
  6483 | Temple   | Reached * piety under Zin
  6580 | D:7      | Reached skill level 1 in Invocations
  6649 | D:7      | Noticed Pikel
  6653 | D:7      | Found a white marble altar of Elyvilon.
  6653 | D:7      | Found a hazy altar of Hepliaklqana.
  6661 | D:7      | Killed Pikel
  6661 | D:7      | Reached skill level 8 in Shields
  6662 | D:7      | Found a shimmering altar of Xom.
  6852 | D:7      | Reached skill level 1 in Throwing
  6872 | D:7      | Noticed Joseph
  6884 | D:7      | Killed Joseph
  6884 | D:7      | Reached XP level 10. HP: 78/83 MP: 12/12
  7005 | D:7      | Noticed Prince Ribbit
  7031 | D:7      | Killed Prince Ribbit
  7490 | D:8      | Found a flagged portal.
  7545 | Bailey   | Entered a bailey
  7546 | Bailey   | Noticed an orc knight
  7677 | D:8      | Reached ** piety under Zin
  7763 | D:8      | Noticed an elephant
  7783 | D:8      | Reached skill level 9 in Shields
  7844 | D:8      | Found a staircase to the Lair.
  7866 | D:8      | Killed an elephant
  8001 | D:8      | Reached skill level 5 in Invocations
  8116 | D:8      | Found a basalt altar of Yredelemnul.
  8331 | D:9      | Found Zoecup's Armour Shoppe.
  8333 | D:9      | Bought a +0 chain mail of fire resistance for 149 gold
                  | pieces
  8433 | D:9      | Noticed a two-headed ogre
  8452 | D:9      | Killed a two-headed ogre
  8619 | D:9      | Reached XP level 11. HP: 84/91 MP: 15/15
  8628 | D:9      | Reached skill level 10 in Shields
  8643 | D:9      | Reached skill level 10 in Long Blades
  8821 | D:9      | Identified the ring "Heerroc" {Fire Dex+3}
  8901 | D:9      | Noticed a two-headed ogre
  8917 | D:9      | Killed a two-headed ogre
  8941 | D:9      | Reached *** piety under Zin
  9701 | D:10     | Entered Level 10 of the Dungeon
 10026 | D:10     | Noticed Fannar
 10050 | D:10     | Killed Fannar
 10102 | D:10     | Found a staircase to the Orcish Mines.
 10533 | D:9      | Bought a +0 pair of boots for 58 gold pieces
 10623 | D:11     | Reached skill level 11 in Shields
 10643 | D:11     | Found a portal to a secret trove of treasure.
 10708 | D:11     | Found a frozen archway.
 10714 | IceCv    | Entered an ice cave
 10752 | IceCv    | HP: 4/94 [ice devil (11)]
 10808 | IceCv    | Reached XP level 12. HP: 45/101 MP: 18/18
 11364 | IceCv    | Found the +8 longbow "Zephyr" {speed, Dex+3 SInv}
 11368 | IceCv    | Reached skill level 1 in Stealth
 11372 | IceCv    | Got a jewelled hand crossbow
 11373 | IceCv    | Identified the cursed +0 hand crossbow of Gieblyl {flame,
                  | +Inv SInv} (You found it in an ice cave)
 11381 | IceCv    | Got a slimy short sword
 12654 | D:11     | Reached **** piety under Zin
 13349 | D:12     | Reached skill level 10 in Invocations
 13467 | D:12     | Reached ***** piety under Zin
 13956 | D:13     | Noticed a tengu warrior
 13971 | D:13     | Killed a tengu warrior
 14301 | D:13     | Reached skill level 12 in Shields
 14518 | D:14     | You fall into a shaft and drop 1 floor!
 14518 | D:15     | Entered Level 15 of the Dungeon
 14604 | D:13     | Reached XP level 13. HP: 43/111 MP: 19/21
 15619 | D:14     | You fall into a shaft and drop 1 floor!
 15630 | D:15     | Found Hauf's Magic Scroll Shop.
 15729 | D:15     | Bought a scroll of random uselessness for 17 gold pieces
 15729 | D:15     | Bought a scroll of identify for 34 gold pieces
 15729 | D:15     | Bought a scroll of identify for 34 gold pieces
 15734 | D:15     | Identified a scroll of acquirement
 16213 | D:15     | Acquired a +2 tower shield of protection
 17409 | D:14     | Found a gate to the Vaults.
 17409 | D:14     | Noticed a vault guard
 17409 | D:14     | Noticed a vault guard
 17409 | D:14     | Noticed a vault guard
 17409 | D:14     | Noticed a vault guard
 17410 | D:14     | Noticed a vault guard
 17410 | D:14     | Noticed a vault guard
 17410 | D:14     | Noticed a vault guard
 17411 | D:14     | Noticed a vault guard
 17428 | D:14     | Killed a vault guard
 17448 | D:14     | Killed a vault guard
 17465 | D:14     | Killed a vault guard
 17465 | D:14     | Reached skill level 10 in Armour
 17465 | D:14     | Reached skill level 13 in Shields
 17477 | D:14     | Killed a vault guard
 17495 | D:14     | Killed a vault guard
 17509 | D:14     | Killed a vault guard
 17521 | D:14     | Killed a vault guard
 17535 | D:14     | Killed a vault guard
 18358 | D:15     | Reached XP level 14. HP: 118/119 MP: 23/23
 18826 | D:15     | Found Sezihel's Jewellery Emporium.
 18831 | D:15     | Found Cas Ybita's Antique Weapon Emporium.
 18834 | D:15     | Bought an uncursed ring of flight for 210 gold pieces
 19077 | D:15     | Found a staircase to the Depths.
 19087 | D:15     | Reached skill level 10 in Fighting
 19355 | Orc:1    | Entered Level 1 of the Orcish Mines
 19568 | Orc:1    | Found a roughly hewn altar of Beogh.
 19590 | Orc:1    | Reached ****** piety under Zin
 19827 | Orc:1    | Paralysed by an orc sorcerer for 2 turns
 19999 | Orc:2    | Entered Level 2 of the Orcish Mines
 20115 | Orc:2    | Found Duhoaklus's Gadget Emporium.
 20369 | Orc:2    | Found a roughly hewn altar of Beogh.
 20385 | Orc:2    | Found Gaeg's Armour Emporium.
 20464 | Orc:2    | Found a roughly hewn altar of Beogh.
 20549 | Orc:2    | Found a roughly hewn altar of Beogh.
 20571 | Orc:2    | Found a staircase to the Elven Halls.
 20754 | Orc:2    | Noticed Donald
 20780 | Orc:2    | Killed Donald
 20780 | Orc:2    | Reached skill level 14 in Shields
 20784 | Orc:2    | Found a roughly hewn altar of Beogh.
 21194 | Orc:2    | Found a roughly hewn altar of Beogh.
 21265 | Orc:2    | Noticed an orc warlord
 21638 | Orc:2    | Paralysed by an orc sorcerer for 6 turns
 21668 | Orc:1    | Killed an orc warlord
 22169 | Orc:2    | Found a roughly hewn altar of Beogh.
 22169 | Orc:2    | Found Piofo's Antique Armour Emporium.
 22173 | Orc:2    | Found Lum Omue's Antique Weapon Shoppe.
 22248 | Orc:2    | Found a roughly hewn altar of Beogh.
 22285 | Orc:2    | Found a roughly hewn altar of Beogh.
 22293 | Orc:2    | Found Hocigen's Distillery.
 22310 | Orc:2    | Bought a potion of flight for 39 gold pieces
 22333 | Orc:2    | Found a roughly hewn altar of Beogh.
 22456 | Lair:1   | Entered Level 1 of the Lair of Beasts
 22714 | Lair:1   | Got a pair of steaming gloves
 22733 | Lair:1   | Identified the cursed +0 pair of gloves "Nocihaer" {rC+}
                  | (You found it on level 1 of the Lair of Beasts)
 24620 | Lair:3   | Reached XP level 15. HP: 88/128 MP: 24/24
 24784 | Lair:3   | Reached skill level 15 in Shields
 25771 | Lair:4   | Noticed Urug
 25782 | Lair:4   | Killed Urug
 25859 | Lair:4   | Found a staircase to the Swamp.
 25915 | Lair:4   | Found a dark tunnel.
 25939 | Volcano  | Entered a volcano
 26600 | Lair:4   | Found a staircase to the Snake Pit.
 27809 | Lair:5   | Reached skill level 16 in Shields
 27885 | Lair:5   | Found a staircase to the Slime Pits.
 28504 | Lair:6   | Entered Level 6 of the Lair of Beasts
 29097 | Lair:6   | Reached XP level 16. HP: 105/138 MP: 26/26
 29162 | Lair:6   | Reached skill level 17 in Shields
 29206 | Lair:6   | HP: 1/138 [yak (33)]
 29266 | Lair:6   | Reached skill level 1 in Crossbows
 30379 | Lair:6   | Identified Sif Muna's Papyrus of Excruciating Ignition
 31379 | Lair:6   | Got a warped silver ring
 31381 | Lair:6   | Identified the ring of Qotuetwi {rPois rN+} (You found it
                  | on level 6 of the Lair of Beasts)
 31623 | Orc:2    | Bought a shiny plate armour for 1014 gold pieces
 31851 | Snake:1  | Entered Level 1 of the Snake Pit
 31858 | Lair:4   | Acquired 2710 gold pieces
 32061 | Snake:1  | Found Roluepo's Assorted Antiques.
 32073 | Snake:1  | Bought a wand of digging (5) for 208 gold pieces
 32073 | Snake:1  | Bought a scroll of identify for 52 gold pieces
 32073 | Snake:1  | Bought 2 scrolls of enchant armour for 390 gold pieces
 32082 | Snake:1  | You fall into a shaft and drop 1 floor!
 32107 | Snake:2  | Got a polished chain mail
 32891 | Snake:1  | Identified the +3 chain mail "Faeb" {rC+ rCorr Stlth-} (You
                  | found it on level 2 of the Snake Pit)
 33465 | Snake:2  | Reached skill level 1 in Evocations
 33720 | Snake:2  | Reached skill level 18 in Shields
 33970 | Snake:3  | Noticed a nagaraja
 33997 | Snake:3  | Killed a nagaraja
 35013 | Snake:2  | Reached XP level 17. HP: 103/146 MP: 28/28
 35171 | Snake:2  | Reached skill level 15 in Invocations
 36286 | Snake:3  | Reached skill level 19 in Shields
 36688 | Snake:4  | Entered Level 4 of the Snake Pit
 37323 | Snake:3  | HP: 5/147 [shock serpent/bolt of electricity (12)]
 37323 | Snake:3  | Killed from afar by a shock serpent

Illustrated notes

Levels and vault maps discovered:
D:1:      evilmike_arrival_plus, layout_basic, chequers_big_river,
          tso_metal_star
D:2:      layout_basic, lemuel_doored_altar, first_ration,
          minmay_gold_behind_fungi
D:3:      layout_basic, nicolae_ru_great_annihilating_truth, nrook_uturn,
          grunt_gozag_breadcrumbs
D:4:      layout_loops_corners, fedhas_altar_4, serial_shops, shop,
          uniq_menkaure
D:5:      layout_basic, vehumet_crystals, uniq_eustachio
D:6:      layout_basic, minmay_temple_entry_statues_pillars, serial_shops,
          nicolae_shop_stone, portal_sewer_entry_e, uniq_duvessa, uniq_sigmund
D:7:      layout_cave_pools, gammafunk_temple_overflow_claw, eino_curves_02,
          uniq_prince_ribbit1, uniq_pikel, uniq_joseph
D:8:      layout_loops_ring, kennysheep_little_box, david_lair_generic,
          enter_bailey_3
D:9:      layout_cave_pools, serial_shops, shop
D:10:     layout_basic, orc_0_dummy, minivault_7, uniq_fannar
D:11:     layout_basic, enter_trove_2, portal_ice_cave_entry_pillars_1,
          gauntlet_entry_generic
D:12:     layout_basic
D:13:     layout_big_octagon, the_bakery
D:14:     nrook_guardian_serpent_snake_passage, layout_long_grid, erik_vaults_2,
          hangedman_decor_growths
D:15:     grunt_enter_depths_snipers, layout_stronghold,
          chequers_serial_rivers_small_b, serial_shops,
          nicolae_shop_temple_entry_statues_fountains, shop, shop
Temple:   nicolae_temple_god_jail
Lair:1:   layout_roguey, kennysheep_rathole
Lair:2:   layout_roguey, minivault_23, chequers_serial_rivers_room_a
Lair:3:   layout_layer_cave
Lair:4:   layout_loops_ring, swamp_mist_pool,
          minmay_snake_entry_guardpost_large, nicolae_volcano_entry_two_sided,
          beast_lair_carwin_6, uniq_urug
Lair:5:   layout_gridlike, slime_dummy, grunt_forest_large_clearings
Lair:6:   minmay_lair_end_frog_pond, layout_regular_city, serial_bayou_crossing,
          minmay_lair_oklob_chamber, lemuel_fruit_tree
Snake:1:  layout_grid_shapes, serial_shops, nicolae_shop_overgrown_old_shop
Snake:2:  layout_misc_corridors
Snake:3:  layout_misc_corridors, st_stairs_13
Snake:4:  snake_pit, layout_cave_town
Orc:1:    layout_caves, nicolae_orc_lost_temple
Orc:2:    grunt_orc_community_town_hall, layout_caves,
          grunt_orc_community_big_house_2, grunt_orc_community_big_house_2,
          grunt_orc_community_house_2, grunt_orc_community_house_1,
          grunt_orc_community_house_3, grunt_orc_community_house_3,
          grunt_orc_community_house_2, grunt_orc_community_house_2,
          serial_shops, shop_fountains, basic_altar, uniq_donald

Skill      XL: |  1  2  3  4  5  6  7  8  9 10 11 12 13 14 15 16 17 |
---------------+----------------------------------------------------+-----
Fighting       | 4 5 6 8 9 10 11 12 | 12.3
Shields        | 4 5 6 8 9 11 12 13 14 16 18 19 | 19.2
Long Blades    | 3 5 6 7 8 9 11 12 13 14 | 14.9
Armour         | 4 5 6 7 8 9 10 11 | 11.9
Dodging        | 1 2 3 4 |  4.9
Invocations    | 3 6 8 10 12 13 14 15 | 15.3
Throwing       | 1 |  1.9
Stealth        | 2 4 |  4.5
Crossbows      | 2 |  2.4
Evocations     | 2 3 |  3.9

Action                   |  1- 3 |  4- 6 |  7- 9 | 10-12 | 13-15 | 16-18 || total
-------------------------+-------+-------+-------+-------+-------+-------++-------
Melee: Long sword        |   109 |   210 |    58 |       |       |       ||   377
       Falchion          |       |       |   253 |   788 |   165 |       ||  1206
       Scimitar          |       |       |       |       |  1344 |   931 ||  2275
 Fire: Hand crossbow     |       |       |       |       |     9 |    31 ||    40
Throw: Dart              |       |       |    15 |    14 |       |       ||    29
Invok: Recite            |       |       |       |    30 |    37 |    15 ||    82
       Vitalisation      |       |       |       |       |       |     3 ||     3
       Sanctuary         |       |       |       |       |       |     1 ||     1
  Use: Scroll            |       |     9 |     5 |     8 |    21 |     7 ||    50
       Potion            |       |     3 |       |     2 |     4 |     4 ||    13
 Stab: Paralysed         |       |     1 |       |     1 |    40 |     2 ||    44
       Invisible         |       |     1 |       |       |    10 |       ||    11
       Confused          |       |       |       |    10 |    24 |     8 ||    42
  Eat: Chunk             |     1 |     7 |     9 |    11 |    16 |     6 ||    50
       Ration            |       |     1 |       |     5 |     9 |     6 ||    21
Armor: Scale mail        |    59 |    51 |    82 |    31 |       |       ||   223
       Chain mail        |       |       |       |   149 |   153 |       ||   302
       Plate armour      |       |       |       |       |   207 |   137 ||   344
       Acid dragon scale |       |       |       |       |       |     3 ||     3
Dodge: Dodged            |    33 |    51 |    53 |   151 |   211 |    86 ||   585
Block: Kite shield       |    58 |    94 |   240 |   604 |   439 |       ||  1435
       Reflection        |       |       |    16 |    49 |    57 |   109 ||   231
       Tower shield      |       |       |       |       |  1020 |  1246 ||  2266
       Rpst.: Long sword |     8 |    15 |     4 |       |       |       ||    27
       Falchion          |       |       |    15 |    39 |     7 |       ||    61
       Scimitar          |       |       |       |       |    48 |    14 ||    62
